 Dungeon Sprint DCSS version 0.29-a0-409-gd843f3a48c (webtiles) character file.

Game seed: 936159069909332093

1400000 Zeld the Spry (level 13, -2/115 HPs)
             Began as a Djinni Monk on May 14, 2022.
             Was a Priest of Makhleb.
             Slain by a meat berserker
             ... wielding a +9 battleaxe
              (63 damage)
             ... in the Dungeon (Sprint VIII: "Arena of Blood").
             The game lasted 00:00:12 (14 turns).

Zeld the Spry (Djinni Monk)                           Turns: 14, Time: 00:00:13

Health: -2/115     AC:  2    Str: 14    XL:     13   Next: 12%
Gold:   0          EV: 25    Int: 12    God:    Makhleb [***...] SH:  0 Dex: 17

rFire   + + .      SeeInvis .   h - +∞ Axe of Woe
rCold   x . .      Faith    .   (shield currently unavailable)
rNeg    . . .      Spirit   .   a - +0 robe
rPois   ∞          Reflect  .   (no helmet)
rElec   .          Harm     .   (no cloak)
rCorr   .          Rampage  .   (no gloves)
Will    +....      NoTele   +   (boots unavailable)
Stlth   ++++......              (no amulet)
HPRegen 0.29/turn               (no ring)
MPRegen 0.00/turn               (no ring)

@: flying
A: sickness immunity, fire resistance 2, cold vulnerability 1, float, innate
caster, HP casting, extra vitality 1
a: Renounce Religion, Minor Destruction, Lesser Servant of Makhleb


You were in the Dungeon.
You worshipped Makhleb.
Makhleb was most pleased with you.
You visited 1 branch

Inventory:

Hand Weapons
 h - the +∞ Axe of Woe (weapon)
   (You found it in the Dungeon)
Armour
 a - a +0 robe (worn)
Scrolls
 g - a scroll of blinking
Potions
 b - a potion of ambrosia
 c - a potion of curing
 d - a potion of heal wounds
 e - a potion of haste
 f - a potion of berserk rage


   Skills:
 + Level 18.7 Fighting
 + Level 1.2 Axes
 + Level 20.2 Dodging
 + Level 7.1 Stealth
 + Level 18.3 Unarmed Combat


You couldn't memorise any spells.
You knew the following spells:

 Your Spells              Type           Power      Damage    Failure   Level
a - Foxfire               Conj/Fire      0%         2x1d4     32%         1
b - Scorch                Fire           0%         2d5       45%         2
c - Teleport Other        Tloc           0%         N/A       69%         3
d - Cause Fear            Hex            0%         N/A       97%         4
e - Leda's Liquefaction   Hex/Erth       0%         N/A       97%         4
f - Iskenderun's Battles  Conj           0%         2d6       100%        5
Your spell library was empty.


Dungeon Overview and Level Annotations

Branches:
Dungeon (1/1)

Altars:
Makhleb


Innate Abilities, Weirdness & Mutations

You are immune to sickness and miasma.
You are immune to poison.
Your flesh is very heat resistant. (rF++)
You are vulnerable to cold. (rC-)
You float through the air rather than walking.
You learn spells naturally, not from books.
Your magical power is your life essence.
You have superior vitality. (+4 MHP)


Message History

You hear a shout! x10
The meat berserker misses you.
You hear a shout! x3
The meat berserker hits you with a +9 battleaxe!!!
Ouch! That really hurt!
A bag of meat comes into view. It is wielding a +9 war axe.
You hear a shout!
Your Fighting skill increases to level 18!
Your Axes skill increases to level 1!
Your Dodging skill gained 2 levels and is now at level 20!
Your Stealth skill increases to level 7!
Your Unarmed Combat skill increases to level 18!
You have reached level 13!
The power to cast Iskenderun's Battlesphere wells up from within.
Spell assigned to 'f'.
You are too injured to fight recklessly!
Unknown command.
Unknown command.
Unknown command.
You are too injured to fight recklessly!
You hit the meat berserker.
You dissect the meat berserker like a pig carcass.
You kill the meat berserker!
Makhleb accepts your kill.
You feel better.
You hit the meat berserker.
You fatally mangle the meat berserker.
You kill the meat berserker!
Makhleb accepts your kill.
You can now summon a lesser servant of Makhleb.
You feel better.
You hear a shout!
The meat berserker rages.
You hear a shout! x3
A meat berserker comes into view. It is wielding a +9 battleaxe.
You hear a shout!
A bag of meat comes into view. It is wielding a +9 war axe.
You hear a shout! x2
The meat berserker hits you with a +9 battleaxe!!! x2
Ouch! That really hurt!
You die...

.. .. .. .O #..
..# #.. ..#
.###.. ..###.
......###......
......._.......
....#..)..#....
. #_.@)_# .
#..OO.#
......._.......
......###O.....
.###.. ..###o
#.. ..# #.. ..#
.. .o .. ..


You could see 4 meat berserkers and 2 bags of meat.

Vanquished Creatures
  3 ogres (D)
  An orc (D)
4 creatures vanquished.

Notes
Turn   | Place    | Note
-------+----------+-------------------------------------------
     0 | D        | Found the +∞ Axe of Woe
     0 | D        | Zeld the Djinni Monk began the quest for the Orb.
     0 | D        | Reached XP level 1. HP: 20/20 MP: 0/0
     4 | D        | Became a worshipper of Makhleb the Destroyer
     4 | D        | Reached * piety under Makhleb
     4 | D        | Reached ** piety under Makhleb
     7 | D        | Noticed a bag of meat
     8 | D        | Noticed a bag of meat
    10 | D        | Noticed a meat berserker
    10 | D        | Noticed a meat berserker
    10 | D        | Noticed a bag of meat
    12 | D        | Noticed a meat berserker
    12 | D        | Killed a meat berserker
    12 | D        | Noticed a meat berserker
    13 | D        | Reached skill level 18 in Dodging
    13 | D        | Reached XP level 2. HP: 46/46 MP: 0/0
    13 | D        | Reached XP level 3. HP: 51/51 MP: 0/0
    13 | D        | Learned a level 1 spell: Foxfire
    13 | D        | Reached XP level 4. HP: 58/58 MP: 0/0
    13 | D        | Reached XP level 5. HP: 64/64 MP: 0/0
    13 | D        | Learned a level 2 spell: Scorch
    13 | D        | Reached XP level 6. HP: 70/70 MP: 0/0
    13 | D        | Reached XP level 7. HP: 76/76 MP: 0/0
    13 | D        | Learned a level 3 spell: Teleport Other
    13 | D        | Reached XP level 8. HP: 82/82 MP: 0/0
    13 | D        | Reached XP level 9. HP: 88/88 MP: 0/0
    13 | D        | Learned a level 4 spell: Cause Fear
    13 | D        | Reached XP level 10. HP: 94/94 MP: 0/0
    13 | D        | Reached XP level 11. HP: 100/100 MP: 0/0
    13 | D        | Learned a level 4 spell: Leda's Liquefaction
    13 | D        | Reached XP level 12. HP: 106/106 MP: 0/0
    13 | D        | Killed a bag of meat
    13 | D        | Noticed a meat berserker
    13 | D        | Noticed a meat berserker
    13 | D        | Noticed a bag of meat
    14 | D        | Reached skill level 1 in Axes
    14 | D        | Reached skill level 20 in Dodging
    14 | D        | Reached XP level 13. HP: 52/115 MP: 0/0
    14 | D        | Learned a level 5 spell: Iskenderun's Battlesphere
    14 | D        | Killed a meat berserker
    14 | D        | Killed a meat berserker
    14 | D        | Reached *** piety under Makhleb
    14 | D        | Noticed a meat berserker
    14 | D        | Noticed a bag of meat
    14 | D        | Slain by a meat berserker

Illustrated notes

Levels and vault maps discovered:
D:        meatsprint

Skill      XL: |  1  2  3  4  5  6  7  8  9 10 11 12 |
---------------+-------------------------------------+-----
Fighting       | 17 18 | 18.7
Dodging        | 18 20 | 20.2
Stealth        | 6 7 |  7.1
Unarmed Combat | 17 18 | 18.3
Axes           | 1 |  1.2

Action                   |  1- 3 |  4- 6 |  7- 9 | 10-12 | 13-15 || total
-------------------------+-------+-------+-------+-------+-------++-------
Melee: Executioner's axe |     1 |       |       |     1 |     1 ||     3
Dodge: Dodged            |       |       |       |     2 |       ||     2

Table legend: (Time is in decaauts)
 A = Elapsed time spent in this place.
 B = Non-inter-level travel time spent in this place.
 C = Inter-level travel time spent in this place.
 D = Time resting spent in this place.
 E = Time spent auto-exploring this place.
 F = Levels seen in this place.
 G = Mean time per level.
                   A        B        C        D        E       F      G
               +--------+--------+--------+--------+--------+-----+--------+
         Total |     15 |     15 |      0 |      0 |      0 |   1 |   15.0 |
       Dungeon |     15 |     15 |      0 |      0 |      0 |   1 |   15.0 |
               +--------+--------+--------+--------+--------+-----+--------+

Top non-repeatable levels by time:
       D: 15 daAuts
